 Dungeon Crawl Stone Soup version 0.27.0-1-g7a089689b8 (webtiles) character file.

Game seed: 13967303749481732768

40 Ozzies the Skirmisher (level 3, -1/33 HPs)
             Began as a Palentonga Monk on Aug 1, 2021.
             Slain by a worm (7 damage)
             ... on level 2 of the Dungeon.
             The game lasted 00:01:30 (1328 turns).

Ozzies the Skirmisher (Palentonga Monk)             Turns: 1328, Time: 00:01:30

Health: -1/33      AC:  4    Str: 15    XL:     3   Next: 30%
Magic:  3/3        EV: 10    Int: 10    God:
Gold:   101        SH:  0    Dex: 12    Spells: 2/2 levels left

rFire    . . .     SeeInvis +     - Unarmed
rCold    . . .     Faith    .   (no shield)
rNeg     . . .     Spirit   .   a - +0 robe
rPois    .         Reflect  .   (no helmet)
rElec    .         Harm     .   (no cloak)
rCorr    .         Rampage  .   (no gloves)
Will     .....                  (no barding)
Stlth    ++........             (no amulet)
HPRegen  0.11/turn              (no ring)
MPRegen  0.08/turn              (no ring)

@: no status effects
A: large, rugged brown scales 3, see invisible, deformed body, roll 1, armoured
tail
a: Rolling Charge


You were on level 2 of the Dungeon.
You visited 1 branch of the dungeon, and saw 2 of its levels.

You collected 101 gold pieces.

Inventory:

Missiles
 d - 21 stones
 e - 20 poisoned darts (quivered)
 g - a throwing net {!f}
Armour
 a - a +0 robe (worn)
Scrolls
 b - a scroll of silence {unknown}
 c - a scroll of vulnerability {unknown}
 f - 2 scrolls of blinking {unknown}


   Skills:
 + Level 4.4 Fighting
 - Level 2.4 Dodging
 - Level 1.2 Stealth
 - Level 3.0 Unarmed Combat


You had 2 spell levels left.
You didn't know any spells.
Your spell library was empty.

Dungeon Overview and Level Annotations

Branches:
Dungeon (2/15)

Altars:


Innate Abilities, Weirdness & Mutations

You are completely covered in rugged brown scales. (AC +3, +7% HP)
You have supernaturally acute eyesight. (SInv)
Armour fits poorly on your strangely shaped body.
You can roll at nearby foes to attack.
You have a long armoured tail.


Message History

You are too injured to fight recklessly!
You are too injured to fight recklessly!
You are too injured to fight recklessly!
You are too injured to fight recklessly!
You are too injured to fight recklessly!
You closely miss the adder. You tail-slap the adder.
You kill the adder!
The jackal bites you but does no damage.
The jackal bites you.
The jackal bites you but does no damage.
You have reached level 3!
Your experience leads to an increase in your attributes!
Increase (s)trength, (i)ntelligence, or (d)exterity?
You feel stronger.
You barely miss the jackal. You tail-slap the jackal.
The jackal is severely wounded.
The jackal bites you. The jackal completely misses you.
You hit the jackal.
You kill the jackal!
The jackal bites you but does no damage. x2
You hit the jackal.
You kill the jackal!
You see here a jackal corpse.
You now have 84 gold pieces (gained 15).
You open the door.
A goblin comes into view. It is wielding a +0 dagger.
Found a hand axe and 12 gold pieces.
A goblin is nearby!
A goblin is nearby!
Found 5 gold pieces.
There is an open door here.
Found a stone staircase leading up.
The goblin hits you with a +0 dagger.
You hit the goblin.
The goblin is moderately wounded.
The goblin hits you with a +0 dagger.
You hit the goblin.
The goblin is severely wounded.
The goblin hits you with a +0 dagger.
You closely miss the goblin.
The goblin is severely wounded.
The goblin hits you with a +0 dagger.
You hit the goblin.
You kill the goblin!
No target in view!
No target in view!
No target in view!
No target in view!
No target in view!
No target in view!
No target in view!
No target in view!
No target in view!
No target in view!
You now have 96 gold pieces (gained 12).
You now have 101 gold pieces (gained 5).
g - a throwing net {!f} A worm comes into view.
Found 10 gold pieces.
A worm is nearby!
A worm is nearby!
A worm is nearby!
You hit the worm but do no damage. You hit the worm. You tail-slap the worm.
The worm is heavily wounded.
The worm bites you.
You hit the worm.
The worm is heavily wounded.
The worm bites you.
You hit the worm.
The worm is severely wounded.
You hit the worm.
You tail-slap the worm, but do no damage.
The worm is almost dead.
The worm bites you!
You are too injured to fight recklessly!
You are too injured to fight recklessly!
You are too injured to fight recklessly!
You are too injured to fight recklessly!
You are too injured to fight recklessly!
You are too injured to fight recklessly!
You are too injured to fight recklessly!
You are too injured to fight recklessly!
You are too injured to fight recklessly!
You are too injured to fight recklessly!
You hit the worm but do no damage.
The worm is almost dead.
You hit the worm.
The worm is almost dead.
The worm bites you.
You hit the worm.
The worm is almost dead.
The worm bites you.
* * * LOW HITPOINT WARNING * * *
You barely miss the worm.
The worm is almost dead.
You barely miss the worm.
The worm is almost dead.
The worm bites you!
You die...

##<....## ##.
##...###### ##
#........#
#####
#..#####.#
#.... #..# #.#
#.### #..# #.#
#.# # ..... #.#
#.# #
#......##.# #.#
# ##.....w@.#
#.# #
##.##.......$.#
#.# ###########
#.### #....
#####


You could see a worm.

Vanquished Creatures
  An adder (D:2)
  A dart slug (D:1)
  2 endoplasms (D:1)
  2 giant cockroaches (D:1)
  3 goblins
  2 hobgoblins
  5 jackals
  4 ball pythons
  3 bats
  A frilled lizard (D:1)
  2 rats (D:1)
26 creatures vanquished.

Notes
Turn   | Place    | Note
-------+----------+-------------------------------------------
     0 | D:1      | Ozzies the Palentonga Monk began the quest for the Orb.
     0 | D:1      | Reached XP level 1. HP: 19/19 MP: 1/1
    87 | D:1      | Reached XP level 2. HP: 23/25 MP: 2/2
   481 | D:1      | Reached skill level 4 in Fighting
  1067 | D:2      | Reached XP level 3. HP: 19/33 MP: 3/3
  1328 | D:2      | Slain by a worm

Illustrated notes

Levels and vault maps discovered:
D:1:      zelgadis_glass_arrival_small, layout_loops_cross,
          minmay_misc_feat_four_crosses, wander_ebering_terrifying_dragon_lair
D:2:      layout_loops_corners

Skill      XL: |  1  2 |
---------------+-------+-----
Fighting       | 4 |  4.4
Dodging        | |  2.4
Stealth        | |  1.2
Unarmed Combat | |  3.0

Action                   || total
-------------------------++-------
Melee: Unarmed           ||    82
       Tailslap          ||    10
       Punch             ||     1
 Abil: Rolling Charge    ||     1
 Stab: Sleeping          ||     3
Armor: Robe              ||    31
Dodge: Dodged            ||    39
